 Dungeon Crawl Stone Soup version 0.19.1 (webtiles) character file.

11027 Peloso the Carver (level 11, -16/95 HPs)
             Began as a Ghoul Fighter on Dec 7, 2016.
             Was a High Priest of Okawaru.
             Demolished by a very large slime creature (55 damage)
             ... on level 12 of the Dungeon.
             The game lasted 00:32:19 (9898 turns).

Peloso the Carver (Ghoul Fighter)                   Turns: 9898, Time: 00:32:20

Health: -16/95     AC: 13    Str: 23    XL:     11   Next: 71%
Magic:  11/11      EV: 13    Int: 12    God:    Okawaru [*****.]
Gold:   278        SH: 12    Dex: 23    Spells: 0 memorised, 10 levels left

rFire  + . .     SeeInvis .     a - +2 falchion (elec)
rCold  . . .     Gourm    .     A - +5 ring mail of Tenacity {Dex+4}
rNeg   + + +     Faith    .     c - +0 shield
rPois  ∞         Spirit   .     J - -1 helmet "Pegilel" {MR+ Str+2}
rElec  .         Reflect  .     (no cloak)
rCorr  .         Harm     .     b - +0 pair of gloves
MR     +....                    (no boots)
Stlth  +++.......               y - amulet of the Blind Eye {rPois rC- Regen+ Int+9 Dex+8}
                                Q - ring of protection from fire
                                w - +6 ring of slaying

@: rotting
A: rotting body, claws 1, carnivore 3, cold resistance 1, negative energy
resistance 3, slow regeneration 1, torment resistance, unbreathing
a: Heroism, Finesse, Renounce Religion


You were on level 12 of the Dungeon.
You worshipped Okawaru.
Okawaru was extremely pleased with you.
You were not hungry.

You visited 2 branches of the dungeon, and saw 14 of its levels.
You also visited: Labyrinth.

You collected 553 gold pieces.
You spent 275 gold pieces at shops.

Inventory:

Hand Weapons
 a - a +2 falchion of electrocution (weapon)
 I - a +2 scimitar
 S - a +0 falchion of holy wrath
 T - a +4 scimitar
 U - the +6 lajatang of Ascent {slice, rC+++ MR+ Int-4, unknown}
   (You found it in a labyrinth)

   It inflicts extra damage upon your enemies.
   It affects your intelligence (-4).
   It renders you almost immune to cold.
   It affects your resistance to hostile enchantments.
 V - the +5 trident of Trial by Ordeal {freeze, MR+ Str+4 Stlth+, unknown}
   (You found it in a labyrinth)

   It has been specially enchanted to freeze those struck by it, causing extra
   injury to most foes and up to half again as much damage against particularly
   susceptible opponents.
   It can also slow down cold-blooded creatures.
   It affects your strength (+4).
   It affects your resistance to hostile enchantments.
   It makes you more stealthy.
 W - the cursed +2 dire flail "Ethitiral" {freeze, MR+, unknown}
   (You found it in a labyrinth)

   It has been specially enchanted to freeze those struck by it, causing extra
   injury to most foes and up to half again as much damage against particularly
   susceptible opponents.
   It can also slow down cold-blooded creatures.
   It affects your resistance to hostile enchantments.
   It has a curse placed upon it.
Armour
 b - a +0 pair of gloves (worn)
 c - a +0 shield (worn)
 j - a +5 chain mail of fire resistance
 A - the +5 ring mail of Tenacity (worn) {Dex+4}
   (You found it on level 4 of the Dungeon)

   It affects your dexterity (+4).
 B - a +2 helmet
 J - the -1 helmet "Pegilel" (worn) {MR+ Str+2}
   (You bought it in a shop on level 6 of the Dungeon)

   It affects your strength (+2).
   It affects your resistance to hostile enchantments.
 X - the +0 scale mail "Poun" {Int+8}
   (You found it in a labyrinth)

   It affects your intelligence (+8).
Jewellery
 i - an uncursed ring of wizardry
 t - a +4 ring of intelligence
 u - an uncursed ring of resist corrosion
 w - a +6 ring of slaying (left hand)
 y - the amulet of the Blind Eye (around neck) {rPois rC- Regen+ Int+9 Dex+8}
   (You bought it in a shop on level 6 of the Dungeon)

   [amulet of regeneration]

   It affects your intelligence (+9).
   It affects your dexterity (+8).
   It makes you vulnerable to cold.
   It protects you from poison.
   It increases your rate of regeneration.
 C - an uncursed ring of ice
 O - an uncursed amulet of the gourmand
 Q - a ring of protection from fire (right hand)
Wands
 l - a wand of confusion (23/48)
 s - a wand of polymorph (17/24)
 x - a wand of confusion (24/48)
 G - a wand of flame (25/48)
 N - a wand of flame (20/48)
Scrolls
 o - 3 scrolls of amnesia
 p - a scroll of brand weapon {unknown}
 v - 3 scrolls of identify
 D - 2 scrolls of teleportation {unknown}
 E - 4 scrolls of remove curse
Potions
 e - a potion of cancellation
 g - 3 potions of heal wounds
 k - 3 potions of curing
 n - 2 potions of haste
 z - a potion of agility
 H - 2 potions of invisibility {unknown}
 K - 2 potions of berserk rage {unknown}
 P - a potion of magic {unknown}
 R - a potion of resistance
Books
 d - a book of Debilitation

   Spells                             Type                      Level
   a - Corona                         Hexes                        1
   b - Slow                           Hexes                        2
   c - Gell's Gravitas                Hexes/Translocation          3
   d - Inner Flame                    Hexes/Fire                   3
   e - Cause Fear                     Hexes                        4
   f - Leda's Liquefaction            Hexes/Earth                  4
 m - a book of Callings

   Spells                             Type                      Level
   a - Summon Small Mammal            Summoning                    1
   b - Call Imp                       Summoning                    2
   c - Call Canine Familiar           Summoning                    3
   d - Summon Guardian Golem          Hexes/Summoning              3
   e - Summon Lightning Spire         Summoning/Air                4
   f - Summon Ice Beast               Ice/Summoning                4
 q - a book of Flames

   Spells                             Type                      Level
   a - Flame Tongue                   Conjuration/Fire             1
   b - Throw Flame                    Conjuration/Fire             2
   c - Conjure Flame                  Conjuration/Fire             3
   d - Inner Flame                    Hexes/Fire                   3
   e - Sticky Flame                   Conjuration/Fire             4
   f - Fireball                       Conjuration/Fire             5
 F - a book of Frost

   Spells                             Type                      Level
   a - Freeze                         Ice                          1
   b - Throw Frost                    Conjuration/Ice              2
   c - Ozocubu's Armour               Charms/Ice                   3
   d - Throw Icicle                   Conjuration/Ice              4
   e - Summon Ice Beast               Ice/Summoning                4
Miscellaneous
 Y - a box of beasts
 Z - a phial of floods
Comestibles
 f - 9 meat rations
 h - 4 slices of pizza
 L - 10 royal jellies
 M - 5 beef jerkies


   Skills:
 + Level 8.5 Fighting
 + Level 10.9 Long Blades
 + Level 6.8 Armour
 + Level 4.4 Dodging
 + Level 4.8 Stealth
 + Level 7.1 Shields
 + Level 1.4 Invocations


You had 10 spell levels left.
You didn't know any spells.

Dungeon Overview and Level Annotations

Branches:
Dungeon (13/15)            Temple (1/1) D:4            Lair (0/6) D:10
    Orc: D:9-12      Vaults: D:13-14

Altars:
Ashenzari
Dithmenos
Elyvilon
Hepliaklqana
Okawaru
Qazlal
Ru
Trog
Uskayaw
Vehumet
Yredelemnul
The Shining One

Shops:
D:6 *:=


Innate Abilities, Weirdness & Mutations

Your body is rotting away.
You thrive on raw meat.
You are immune to poison.
You have sharp fingernails.
You are carnivorous and can eat meat at any time.
Your flesh is cold resistant. (rC+)
You are immune to negative energy. (rN+++)
You regenerate slowly when monsters are visible.
You are immune to unholy pain and torment.
You can survive without breathing.


Message History

The slime creature is heavily wounded.
The slime creature hits you!
Two slime creatures merge to form a large slime creature.
You hit the large slime creature.
There is a sudden explosion of sparks!
The large slime creature is heavily wounded.
Two slime creatures merge to form a very large slime creature.
You slash the very large slime creature!
The very large slime creature is moderately wounded.
You slash the very large slime creature!
There is a sudden explosion of sparks!
The very large slime creature is heavily wounded.
The very large slime creature hits you!!!
Ouch! That really hurt!
A centaur warrior skeleton comes into view.
There is an escape hatch in the ceiling here.
The very large slime creature closely misses you.
A mysterious force pulls you upwards. The hatch slams shut behind you.
The very large slime creature hits you!!!
Ouch! That really hurt!
You die...

......
#.....
#....###
#......#
#......#
+......+
#.....J#
#....@.#
#......#
########


You could see a very large slime creature.

Vanquished Creatures
  A minotaur (Lab)
  A death yak (D:10)
  2 hill giants
  Pikel (D:4)
  An ugly thing (D:10)
  2 gargoyles (Lab)
  A kobold demonologist (D:10)
  The ghost of pahom328dancer the Magician, a novice DEFE of Vehumet (D:5)
  A hornet (D:8)
  Grinder (D:4)
  Prince Ribbit (D:8)
  A slime creature (D:13)
  A redback (Lab)
  2 yaks (D:10)
  A vampire (D:11)
  A shadow (D:10)
  Eustachio (D:4)
  3 hungry ghosts
  2 soldier ants (D:8)
  3 orc warriors
  3 ice beasts
  A sky beast (D:6)
  8 ogres
  10 centaurs
  A crocodile (D:10)
  A big kobold (D:13)
  5 bullfrogs
  A scorpion (D:4)
  5 killer bees (D:7)
  4 wights (D:7)
  2 howler monkeys (D:11)
  4 crimson imps
  A lava snake (D:10)
  2 jellies
  Crazy Yiuf (D:2)
  A bullfrog skeleton (D:13)
  A gnoll shaman (D:4)
  A hound (D:10)
  11 orc priests
  An iguana (D:9)
  A centaur skeleton (D:6)
  6 orc wizards
  8 worker ants
  A hound skeleton (D:5)
  A howler monkey zombie (D:7)
  7 gnolls
  A howler monkey skeleton (D:7)
  11 adders
  3 shadow imps
  An adder skeleton (D:4)
  A worm (D:2)
  2 dart slugs
  7 leopard geckos
  31 orcs
  2 ball pythons (D:3)
  5 bats
  9 giant cockroaches
  11 goblins
  5 hobgoblins
  18 jackals
  7 quokkas
  5 frilled lizards
  A jackal skeleton (D:5)
  9 kobolds
  10 rats
255 creatures vanquished.

Vanquished Creatures (others)
  Edmund (D:4)
  3 slaves (D:4)
  A scorpion (D:4)
  An orc wizard (D:4)
  An adder (D:4)
  A gnoll (D:4)
  4 orcs (D:4)
  A bat (D:4)
13 creatures vanquished.

Grand Total: 268 creatures vanquished

Notes
Turn   | Place    | Note
-------+----------+-------------------------------------------
     0 | D:1      | Peloso the Ghoul Fighter began the quest for the Orb.
     0 | D:1      | Reached XP level 1. HP: 19/19 MP: 0/0
   247 | D:1      | Reached XP level 2. HP: 25/26 MP: 1/1
   463 | D:1      | Reached skill level 2 in Long Blades
   514 | D:1      | Reached XP level 3. HP: 26/31 MP: 2/2
  1359 | D:2      | Reached XP level 4. HP: 23/38 MP: 3/3
  1478 | D:2      | Reached skill level 1 in Dodging
  1664 | D:2      | Found a runed door.
  1911 | D:3      | Reached XP level 5. HP: 18/45 MP: 4/4
  2228 | D:3      | Reached skill level 3 in Long Blades
  2388 | D:3      | Reached XP level 6. HP: 52/52 MP: 5/5
  2521 | D:4      | Noticed Edmund
  2529 | D:4      | Noticed a slave
  2530 | D:4      | Noticed Pikel
  2531 | D:4      | Noticed a slave
  2534 | D:4      | Noticed a slave
  2535 | D:4      | Noticed a slave
  2553 | D:4      | Killed Pikel
  2553 | D:4      | Reached skill level 5 in Long Blades
  2553 | D:4      | Reached XP level 7. HP: 23/59 MP: 6/6
  2574 | D:4      | Killed Edmund
  2663 | D:4      | Noticed Grinder
  2665 | D:4      | Paralysed by Grinder for 2 turns
  2689 | D:4      | Killed Grinder
  2689 | D:4      | Reached XP level 8. HP: 32/66 MP: 7/7
  2892 | D:4      | Got a distressingly furry ring mail
  2903 | D:4      | Identified the +5 ring mail of Tenacity {Dex+4} (You found it on level 4 of the Dungeon)
  2925 | D:4      | Noticed Eustachio
  2956 | D:4      | Killed Eustachio
  2984 | D:4      | Found a staircase to the Ecumenical Temple.
  3047 | Temple   | Entered the Ecumenical Temple
  3111 | Temple   | Became a worshipper of Warmaster Okawaru
  3200 | D:4      | Reached skill level 5 in Fighting
  3345 | D:4      | Found a white marble altar of Elyvilon.
  3609 | D:5      | Entered Level 5 of the Dungeon
  3709 | D:5      | Noticed pahom328dancer's ghost (novice DEFE)
  3741 | D:5      | Killed pahom328dancer's ghost
  3741 | D:5      | Reached skill level 6 in Long Blades
  3741 | D:5      | Reached skill level 1 in Stealth
  3744 | D:5      | Reached * piety under Okawaru
  3879 | D:5      | Reached skill level 5 in Shields
  3929 | D:5      | Reached skill level 5 in Armour
  3929 | D:5      | Reached XP level 9. HP: 66/74 MP: 8/8
  3967 | D:5      | Reached skill level 7 in Long Blades
  4562 | D:6      | Found Usemohaor's Book Shoppe.
  4591 | D:6      | Found Ulykueqi's Assorted Antiques.
  4596 | D:6      | Bought a spiked helmet for 180 gold pieces
  4607 | D:6      | Identified the cursed -1 helmet "Pegilel" {MR+ Str+2} (You bought it in a shop on level 6 of the Dungeon)
  4943 | D:6      | Found Zaotuof's Jewellery Shop.
  5271 | D:7      | Reached ** piety under Okawaru
  5613 | D:7      | Reached skill level 8 in Long Blades
  6011 | D:6      | Bought a pitted steel amulet for 95 gold pieces
  6013 | D:6      | Identified the amulet of the Blind Eye {rPois rC- Regen+ Int+9 Dex+8} (You bought it in a shop on level 6 of the Dungeon)
  6185 | D:8      | Reached XP level 10. HP: 84/84 MP: 9/9
  6195 | D:8      | Reached *** piety under Okawaru
  6195 | D:8      | Received a gift from Okawaru
  6478 | D:8      | Noticed Prince Ribbit
  6491 | D:8      | Killed Prince Ribbit
  6793 | D:2      | Noticed Crazy Yiuf
  6799 | D:2      | Killed Crazy Yiuf
  7133 | D:9      | Reached skill level 9 in Long Blades
  7700 | D:10     | Entered Level 10 of the Dungeon
  7722 | D:10     | Reached **** piety under Okawaru
  7809 | D:10     | Noticed a death yak
  7867 | D:10     | Killed a death yak
  7918 | D:10     | Found a staircase to the Lair.
  8175 | D:10     | Noticed a hill giant
  8198 | D:10     | Killed a hill giant
  8198 | D:10     | Reached ***** piety under Okawaru
  8198 | D:10     | Reached skill level 10 in Long Blades
  8198 | D:10     | Reached skill level 1 in Invocations
  8198 | D:10     | Reached XP level 11. HP: 89/93 MP: 7/10
  8528 | D:11     | Noticed a hill giant
  8535 | D:11     | Killed a hill giant
  8564 | D:11     | Found a labyrinth entrance.
  8583 | Lab      | Entered a labyrinth
  8957 | Lab      | Noticed a minotaur
  8962 | Lab      | Killed a minotaur
  8962 | Lab      | Received a gift from Okawaru
  8975 | Lab      | Got an ichor-stained lajatang
  8975 | Lab      | Got a scorched trident
  8984 | Lab      | Got a slimy dire flail
  8984 | Lab      | Got a faintly humming scale mail
  8997 | Lab      | Identified the +0 scale mail "Poun" {Int+8} (You found it in a labyrinth)
  9021 | D:11     | Noticed a cyan ugly thing
  9067 | D:10     | Killed a cyan ugly thing
  9808 | D:11     | You fall through a shaft for 2 floors!
  9881 | D:13     | Noticed a hill giant
  9898 | D:12     | Demolished by a very large slime creature

Skill      XL: |  1  2  3  4  5  6  7  8  9 10 11 |
---------------+----------------------------------+-----
Armour         | 3 4 5 6 |  6.8
Shields        | 3 4 5 6 7 |  7.1
Long Blades    | 2 3 5 6 8 10 | 10.9
Dodging        | 1 2 3 4 |  4.4
Fighting       | 4 5 6 7 8 |  8.5
Stealth        | 1 2 4 |  4.8
Invocations    | 1 |  1.4

Action                   |  1- 3 |  4- 6 |  7- 9 | 10-12 || total
-------------------------+-------+-------+-------+-------++-------
Melee: Long sword        |   179 |   129 |   240 |       ||   548
       Scimitar          |       |       |    39 |   186 ||   225
       Falchion          |       |       |       |    81 ||    81
Invok: Heroism           |       |       |       |     7 ||     7
  Use: Scroll            |       |     1 |       |    19 ||    20
       Potion            |       |       |       |     2 ||     2
 Stab: Sleeping          |       |       |     2 |     6 ||     8
       Invisible         |       |       |       |     3 ||     3
  Eat: Chunk             |     2 |     7 |     9 |    15 ||    33
Armor: Scale mail        |   112 |    73 |     2 |       ||   187
       Ring mail         |       |       |    97 |    38 ||   135
       Chain mail        |       |       |     5 |       ||     5
Dodge: Dodged            |    71 |    38 |   114 |    88 ||   311
Block: Shield            |   123 |    63 |   158 |   131 ||   475
       Rpst.: Long sword |    21 |    14 |    21 |       ||    56
       Scimitar          |       |       |     5 |    13 ||    18
       Falchion          |       |       |       |     8 ||     8
